 Dungeon Crawl Stone Soup version 0.31-a0-190-g4feb4907b2 (webtiles) character file.

Game seed: 6810850765135779054

102 qw the Shooter (level 4, -4/25 HPs)
             Began as a Deep Elf Hunter on June 23, 2023.
             Slain by an orc
             ... wielding a +1 trident of freezing
              (5 damage)
             ... on level 3 of the Dungeon.
             The game lasted 00:00:31 (1599 turns).

qw the Shooter (Deep Elf Hunter)                    Turns: 1599, Time: 00:00:31

Health: -4/25      AC: 13    Str: 10    XL:     4   Next: 50%
Magic:  6/6        EV:  9    Int: 14    God:
Gold:   18         SH:  0    Dex: 21    Spells: 3/3 levels left

rFire   . . .        Y - +1 shortbow
rCold   . . .        (shield currently unavailable)
rNeg    . . .        b - +5 scale mail "Wopeager" {rCorr Dex+3}
rPois   .            h - +1 helmet
rElec   .            (no cloak)
rCorr   +            (no gloves)
SInv    .            (no boots)
Will    .....        (no amulet)
Stlth   +            (no ring)
HPRegen 0.24/turn    (no ring)
MPRegen 0.10/turn

%: no passive effects
@: lethally poisoned (-4 -> -8)
A: no striking features
a: no special abilities


You were on level 3 of the Dungeon.
You visited 1 branch of the dungeon, and saw 3 of its levels.

You collected 108 gold pieces.
You spent 90 gold pieces at shops.


   Skills:
 - Level 1.5 Fighting
 + Level 7.9 Ranged Weapons
 - Level 2.4 Dodging
 - Level 1.2 Stealth


You had 3 spell levels left.
You didn't know any spells.
Your spell library was empty.

Inventory:

Hand Weapons
 Y - a +1 shortbow (weapon)
Armour
 b - the +5 scale mail "Wopeager" (worn) {rCorr Dex+3}
   (You found it on level 2 of the Dungeon)

   Dex:       It affects your dexterity (+3).
   rCorr:     It protects you from acid and corrosion.
 h - a +1 helmet (worn)
Scrolls
 d - a scroll of identify
Potions
 e - a potion of brilliance {unknown}
 f - a potion of heal wounds {unknown}
 g - 2 potions of curing {unknown}
 i - a potion of might {unknown}

Dungeon Overview and Level Annotations

Branches:
Dungeon (3/15)

Altars:

Shops:
D:3 *


Message History

You kill the adder!
The adder barely misses you.
You shoot an arrow. The arrow closely misses the adder.
The adder bites you but does no damage. The adder closely misses you.
The orc hits you from afar with a +1 trident of freezing.
The orc freezes you.
You shoot an arrow. The arrow hits the adder.
The adder is severely wounded.
The adder bites you but does no damage. The orc closely misses you.
The adder bites you but does no damage.
You shoot an arrow. The arrow closely misses the adder.
The arrow barely misses the orc.
The orc hits you but does no damage. The adder closely misses you.
You shoot an arrow.
The arrow hits the adder but does no damage.
The adder is severely wounded.
The adder completely misses you.
The orc hits you from afar with a +1 trident of freezing.
The orc freezes you. The adder bites you but does no damage.
The orc hits you from afar with a +1 trident of freezing.
The orc freezes you.
You shoot an arrow. The arrow misses the adder.
The arrow closely misses the orc.
The adder closely misses you. The orc hits you but does no damage.
The adder completely misses you.
You shoot an arrow. The arrow misses the adder.
The arrow completely misses the orc.
The adder bites you but does no damage. The orc hits you but does no damage.
You shoot an arrow. The arrow misses the adder.
The arrow hits the orc!
You kill the orc!
The adder bites you.
You are poisoned.
The adder poisons you! The orc closely misses you.
The adder closely misses you.
The orc hits you from afar with a +1 trident of freezing.
The orc freezes you.
You shoot an arrow. The arrow hits the adder!
You kill the adder!
You feel sick.
The orc hits you from afar with a +1 trident of freezing.
You die...

..
#.......
..
.......
. #.....
#......
.#...
.)o #.#
#@# #.#
#.# #.#
#.# #.#
#.# #.#
#.#


You could see an orc.

Vanquished Creatures
  Robin (D:2)
  5 adders
  A dart slug (D:1)
  3 orcs (D:3)
  6 ball pythons
  2 endoplasms
  A giant cockroach (D:1)
  9 goblins
  7 hobgoblins
  2 kobolds
  4 quokkas
  2 bats
  A frilled lizard (D:2)
  4 rats (D:1)
48 creatures vanquished.

Notes
Turn   | Place    | Note
-------+----------+-------------------------------------------
     0 | D:1      | qw the Deep Elf Hunter began the quest for the Orb.
     0 | D:1      | Reached XP level 1. HP: 12/12 MP: 3/3
     0 | D:1      | 0 ||| qw: Version: 0.3-a-9-g12657ce
     0 | D:1      | 0 ||| qw: Game counter: 4496
     0 | D:1      | 0 ||| qw: Always use a shield: true
     0 | D:1      | 0 ||| qw: God list: Okawaru
     0 | D:1      | 0 ||| qw: Allow faded altars: false
     0 | D:1      | 0 ||| qw: Do Orc after D:15 true
     0 | D:1      | 0 ||| qw: Do second Lair branch before Depths: true
     0 | D:1      | 0 ||| qw: Lair rune preference: random
     0 | D:1      | 0 ||| qw: Plans: Normal
     0 | D:1      | 0 ||| PLANNING D:1-11
    80 | D:1      | Reached skill level 6 in Ranged Weapons
    80 | D:1      | Reached XP level 2. HP: 16/16 MP: 4/4
   426 | D:1      | 426 ||| READING scroll labelled XANEORH HAIFYGRAL.
   527 | D:1      | 527 ||| READING scroll labelled PAUREHIKKAEXUS.
   528 | D:1      | 528 ||| DROPPING scroll of butterflies.
   720 | D:2      | Reached XP level 3. HP: 20/20 MP: 5/5
   838 | D:2      | Reached skill level 7 in Ranged Weapons
   935 | D:2      | Identified the +5 scale mail "Wopeager" {rCorr Dex+3}
  1313 | D:2      | Noticed Robin
  1316 | D:2      | Killed Robin
  1317 | D:2      | Reached XP level 4. HP: 25/25 MP: 6/6
  1383 | D:2      | 1383 ||| UPGRADING to +5 scale mail "Wopeager" {rCorr
                  | Dex+3}.
  1393 | D:2      | 1393 ||| DROPPING +0 leather armour.
  1394 | D:2      | 1394 ||| UPGRADING to +0 helmet.
  1399 | D:2      | 1399 ||| READING scroll labelled MIWNUSHR TOOT.
  1523 | D:3      | Found Illimido's General Store.
  1532 | D:3      | 1532 ||| SHOPLISTING +2 hat (192 gold, have 108).
  1532 | D:3      | 1532 ||| BUYING scroll of enchant weapon (90 gold).
  1532 | D:3      | Bought a scroll of enchant weapon for 90 gold pieces
  1532 | D:3      | 1532 ||| READING scroll of enchant weapon.
  1532 | D:3      | 1532 ||| ENCHANTING +0 shortbow.
  1571 | D:3      | 1571 ||| READING scroll of enchant armour.
  1571 | D:3      | 1571 ||| ENCHANTING +0 helmet.
  1598 | D:3      | HP: 6/25 [adder (2)]
  1598 | D:3      | HP: 2/25 [orc/+1 trident of freezing (1)]
  1599 | D:3      | Slain by an orc

Levels and vault maps discovered:
D:1:      dpeg_arrival_windows_large_door, layout_rooms, minmay_tetromino_t2
D:2:      layout_basic, nicolae_hexahallways, uniq_robin
D:3:      layout_basic, trog_butcher_becter, serial_shops,
          nicolae_shop_competitors_out_of_business, minmay_hedge_maze,
          chequers_big_river

Skill      XL: |  1  2  3 |
---------------+----------+-----
Ranged Weapons | 6 7 |  7.9
Fighting       | |  1.5
Dodging        | |  2.4
Stealth        | |  1.2

Action                     |  1- 3 |  4- 6 || total
---------------------------+-------+-------++-------
   Fire: Shortbow          |    89 |    29 ||   118
    Use: Scroll            |     2 |     3 ||     5
 Armour: Leather armour    |     3 |     1 ||     4
         Scale mail        |       |    14 ||    14
  Dodge: Dodged            |    10 |    13 ||    23

Table legend:
 A = Non-vault XP
 B = Vault XP
 C = Vault XP percentage of total XP
 D = Non-vault monster count
 E = Vault monster count
 F = Vault count percentage of total count
                 A         B        C        D         E       F
            +---------+---------+-------+---------+---------+-------
      Total |     132 |      29 |  18.0 |      40 |       8 |  16.7
            +---------+---------+-------+---------+---------+-------
        D:1 |      32 |       1 |   3.0 |      18 |       1 |   5.3
        D:2 |      49 |      28 |  36.4 |      15 |       7 |  31.8
        D:3 |      51 |       0 |   0.0 |       7 |       0 |   0.0
            +---------+---------+-------+---------+---------+-------
